 Dungeon Crawl Stone Soup version 0.23-a0-183-gf37f6fb109 (webtiles) character file.

361 Ablot the Charmwright (level 6, 0/51 HPs)
             Began as a Gnoll Skald on Sept 21, 2018.
             Succumbed to a scorpion's poison
             ... on level 4 of the Dungeon.
             The game lasted 00:04:17 (3274 turns).

Ablot the Charmwright (Gnoll Skald)                 Turns: 3274, Time: 00:04:17

Health: 0/51       AC:  3    Str: 14    XL:     6   Next: 66%
Magic:  2/14       EV: 14    Int: 16    God:
Gold:   285        SH:  0    Dex: 15    Spells: 4/15 levels left

rFire    . . .     SeeInvis .   a - +0 spear
rCold    . . .     Gourm    .   (no shield)
rNeg     . . .     Faith    .   b - +0 leather armour
rPois    .         Spirit   .   (no helmet)
rElec    .         Reflect  .   (no cloak)
rCorr    .         Harm     .   (no gloves)
MR       +....                  (no boots)
Stlth    ++........             (no amulet)
HPRegen  0.17/turn              s - ring of protection from magic
MPRegen  0.14/turn              (no ring)

@: lethally poisoned (0 -> -14)
A: distributed training, fangs 1, strong nose
a: no special abilities


You were on level 4 of the Dungeon.
You were hungry.

You visited 1 branch of the dungeon, and saw 4 of its levels.

You collected 285 gold pieces.

Inventory:

Hand Weapons
 a - a +0 spear (weapon)
Missiles
 g - 140 stones (quivered)
 m - 82 arrows
 n - 27 bolts
 p - 68 sling bullets
Armour
 b - a +0 leather armour (worn)
Jewellery
 s - a ring of protection from magic (left hand)
Scrolls
 e - 2 scrolls of fear {unknown}
 h - 4 scrolls of identify {unknown}
 k - 3 scrolls of remove curse {unknown}
 o - a scroll of enchant armour {unknown}
 q - a scroll of magic mapping {unknown}
 t - a scroll of amnesia {unknown}
 v - 2 scrolls of immolation {unknown}
 w - 3 scrolls of blinking {unknown}
 x - a scroll of enchant weapon {unknown}
Potions
 f - 2 potions of mutation {unknown}
 i - a potion of lignification {unknown}
 j - a potion of heal wounds {unknown}
 l - 3 potions of curing {unknown}
 r - a potion of flight {unknown}
 u - a potion of berserk rage {unknown}
Comestibles
 c - a chunk of flesh
 d - 6 rations


   Skills:
 + Level 5.0 Fighting
 + Level 2.0 Short Blades
 + Level 2.0 Long Blades
 + Level 2.0 Axes
 + Level 2.0 Maces & Flails
 + Level 5.0 Polearms
 + Level 2.0 Staves
 + Level 2.0 Slings
 + Level 2.0 Bows
 + Level 2.0 Crossbows
 + Level 2.0 Throwing
 + Level 3.3 Armour
 + Level 5.0 Dodging
 + Level 2.0 Stealth
 + Level 2.0 Shields
 + Level 2.0 Unarmed Combat
 + Level 5.4 Spellcasting
 + Level 1.6 Conjurations
 + Level 1.6 Hexes
 + Level 5.7 Charms
 + Level 1.6 Summonings
 + Level 1.6 Necromancy
 + Level 1.6 Translocations
 + Level 1.6 Transmutations
 + Level 1.6 Fire Magic
 + Level 1.6 Ice Magic
 + Level 1.6 Air Magic
 + Level 1.6 Earth Magic
 + Level 1.6 Poison Magic
 + Level 2.2 Invocations
 + Level 2.0 Evocations


You had 4 spell levels left.
You knew the following spells:

 Your Spells              Type           Power        Failure   Level  Hunger
a - Infusion              Chrm           ###.         1%          1    None
b - Song of Slaying       Chrm           ###.....     2%          2    #......
c - Shroud of Golubria    Chrm/Tloc      ###.......   6%          2    #......
d - Regeneration          Chrm/Necr      ###.......   12%         3    ###....
e - Spectral Weapon       Hex/Chrm       ###.....     12%         3    ###....

Your spell library contained the following spells:

 Spells                   Type           Power        Failure   Level  Hunger


Dungeon Overview and Level Annotations

Branches:
Dungeon (4/15)
 Temple: D:4-7

Altars:
Ashenzari
Cheibriados
Dithmenos
Ru
Trog
Yredelemnul


Innate Abilities, Weirdness & Mutations

Your experience applies equally to all skills.
You have very sharp teeth.
Your uncanny sense of smell can sniff out nearby items.


Message History

Casting: Spectral Weapon (safe; 12% risk of failure)
Confirm with . or Enter, or press ? or * to list all spells.
You don't have enough magic to cast that spell.
Unknown command.
Casting: Spectral Weapon (safe; 12% risk of failure)
Confirm with . or Enter, or press ? or * to list all spells.
You don't have enough magic to cast that spell.
You swap places.
You pick your way through the web.
* * * LOW HITPOINT WARNING * * *
You feel sick.
The scorpion closely misses your spectral weapon.
There is a web here.
You see here a scorpion corpse.
* * * LOW HITPOINT WARNING * * *
You feel sick.
The scorpion closely misses your spectral weapon.
* * * LOW HITPOINT WARNING * * *
You feel sick.
Your spectral weapon passes through a web.
You die...

#.###.##..# #.^^P#####...
#.........###.P^.).##....
#####.######(.P# ##...
#.# ##s...# ∆ #...
###.####.##s##∆ #...
####.....##s###s# #...
#........#^## .# ####
#.#.....##(# #o ####.
#.#.....#@.# .# #....
#.#....†.### .# ####.
#.#....### # ## #.##..##
# #. #..# #.##..# #+#
#.....# #.# ####.## #.#
#.# ##.##


You could see 2 scorpions and a friendly spectral spear.

Vanquished Creatures
  2 scorpions (D:4)
  A crimson imp (D:4)
  An iguana (D:4)
  2 worker ants (D:4)
  6 adders
  An adder skeleton (D:4)
  A worm (D:3)
  3 dart slugs
  4 leopard geckos
  9 orcs
  8 giant cockroaches
  2 gnoll zombies (D:2)
  6 goblins
  8 hobgoblins
  2 jackals (D:1)
  A quokka (D:2)
  A ball python (D:3)
  9 bats
  9 frilled lizards
  4 kobolds
  7 rats
  A bush (D:3)
88 creatures vanquished.

Notes
Turn   | Place    | Note
-------+----------+-------------------------------------------
     0 | D:1      | Ablot the Gnoll Skald began the quest for the Orb.
     0 | D:1      | Reached XP level 1. HP: 20/20 MP: 6/6
   109 | D:1      | Reached XP level 2. HP: 25/26 MP: 7/7
   783 | D:2      | Reached XP level 3. HP: 22/31 MP: 9/9
   796 | D:2      | Learned a level 2 spell: Song of Slaying
   799 | D:2      | Learned a level 2 spell: Shroud of Golubria
   803 | D:2      | Learned a level 3 spell: Regeneration
   807 | D:2      | Learned a level 3 spell: Spectral Weapon
   841 | D:2      | Reached skill level 5 in Spellcasting
  1149 | D:2      | Found a sacrificial altar of Ru.
  1293 | D:2      | Reached skill level 1 in Invocations
  1355 | D:2      | Found a basalt altar of Yredelemnul.
  1407 | D:2      | Reached skill level 1 in Short Blades
  1407 | D:2      | Reached skill level 1 in Long Blades
  1407 | D:2      | Reached skill level 1 in Axes
  1407 | D:2      | Reached skill level 1 in Maces & Flails
  1407 | D:2      | Reached skill level 1 in Staves
  1407 | D:2      | Reached skill level 1 in Slings
  1407 | D:2      | Reached skill level 1 in Bows
  1407 | D:2      | Reached skill level 1 in Crossbows
  1407 | D:2      | Reached skill level 1 in Throwing
  1407 | D:2      | Reached skill level 1 in Stealth
  1407 | D:2      | Reached skill level 1 in Shields
  1407 | D:2      | Reached skill level 1 in Unarmed Combat
  1407 | D:2      | Reached skill level 1 in Evocations
  1522 | D:3      | Reached XP level 4. HP: 37/38 MP: 11/11
  1877 | D:3      | Reached skill level 1 in Conjurations
  1877 | D:3      | Reached skill level 1 in Hexes
  1877 | D:3      | Reached skill level 1 in Summonings
  1877 | D:3      | Reached skill level 1 in Necromancy
  1877 | D:3      | Reached skill level 1 in Translocations
  1877 | D:3      | Reached skill level 1 in Transmutations
  1877 | D:3      | Reached skill level 1 in Fire Magic
  1877 | D:3      | Reached skill level 1 in Ice Magic
  1877 | D:3      | Reached skill level 1 in Air Magic
  1877 | D:3      | Reached skill level 1 in Earth Magic
  1877 | D:3      | Reached skill level 1 in Poison Magic
  2017 | D:3      | Reached XP level 5. HP: 43/43 MP: 6/12
  2390 | D:3      | Found a bloodstained altar of Trog.
  2390 | D:3      | Found a shattered altar of Ashenzari.
  2392 | D:3      | Found a snail-covered altar of Cheibriados.
  2639 | D:4      | Found a shadowy altar of Dithmenos.
  2870 | D:4      | Reached XP level 6. HP: 50/50 MP: 6/13
  3213 | D:4      | Reached skill level 5 in Fighting
  3213 | D:4      | Reached skill level 5 in Polearms
  3213 | D:4      | Reached skill level 5 in Dodging
  3273 | D:4      | HP: 2/51 [poisoned by a scorpion]
  3274 | D:4      | Succumbed to a scorpion's poison

Vault maps used:
D:1:      sevenhm_arrival_forest_fort_small_4
D:2:      lemuel_round_altar, lemuel_zombie_altar_yredelemnul, first_ration
D:3:      gammafunk_temple_overflow_forgotten, minmay_distorted
D:4:      old_forge, kennysheep_mini, temple_statues

Skill      XL: |  1  2  3  4  5  6 |
---------------+-------------------+-----
Spellcasting   | 5 |  5.4
Invocations    | 1 2 |  2.2
Short Blades   | 1 2 |  2.0
Long Blades    | 1 2 |  2.0
Axes           | 1 2 |  2.0
Maces & Flails | 1 2 |  2.0
Staves         | 1 2 |  2.0
Slings         | 1 2 |  2.0
Bows           | 1 2 |  2.0
Crossbows      | 1 2 |  2.0
Throwing       | 1 2 |  2.0
Stealth        | 1 2 |  2.0
Shields        | 1 2 |  2.0
Unarmed Combat | 1 2 |  2.0
Evocations     | 1 2 |  2.0
Conjurations   | 1 |  1.6
Hexes          | 1 |  1.6
Summonings     | 1 |  1.6
Necromancy     | 1 |  1.6
Translocations | 1 |  1.6
Transmutations | 1 |  1.6
Fire Magic     | 1 |  1.6
Ice Magic      | 1 |  1.6
Air Magic      | 1 |  1.6
Earth Magic    | 1 |  1.6
Poison Magic   | 1 |  1.6
Armour         | 3 |  3.3
Fighting       | 5 |  5.0
Polearms       | 5 |  5.0
Dodging        | 5 |  5.0
Charms         | |  5.7

Action                   |  1- 3 |  4- 6 || total
-------------------------+-------+-------++-------
Melee: Spear             |   165 |   356 ||   521
       Bite              |     9 |    56 ||    65
       Punch             |       |     2 ||     2
 Cast: Regeneration      |     3 |     6 ||     9
       Spectral Weapon   |       |    14 ||    14
       Shroud of Golubri |       |    13 ||    13
       Song of Slaying   |       |     3 ||     3
       Infusion          |       |     2 ||     2
 Stab: Sleeping          |     3 |     8 ||    11
       Distracted        |     1 |     1 ||     2
  Eat: Chunk             |     3 |     7 ||    10
Armor: Leather armour    |    24 |    25 ||    49
Dodge: Dodged            |   102 |    75 ||   177

Table legend:
 A = Non-vault XP
 B = Vault XP
 C = Vault XP percentage of total XP
 D = Non-vault monster count
 E = Vault monster count
 F = Vault count percentage of total count
                 A         B        C        D         E       F
            +---------+---------+-------+---------+---------+-------
      Total |     342 |     174 |  33.7 |      76 |      11 |  12.6
            +---------+---------+-------+---------+---------+-------
        D:1 |      33 |       0 |   0.0 |      18 |       0 |   0.0
        D:2 |      42 |       4 |   8.7 |      18 |       2 |  10.0
        D:3 |      90 |      15 |  14.3 |      31 |       2 |   6.1
        D:4 |     177 |     155 |  46.7 |       9 |       7 |  43.8
            +---------+---------+-------+---------+---------+-------
